Map: New Repugnancy LE

Players

soO - Winner!

  • Race: Zerg Zerg
  • League: Master
  • Spawn Location: 1:00

Sapien

  • Race: Zerg Zerg
  • League: Master
  • Spawn Location: 7:00

VOD

Have the link to the VOD?

Description

Time

  • Played on: July 7, 2019, 1:24 a.m.
  • Length: 4:40
Show
View Real Time Build Order
Export as new Build Order

soO Zerg - Winner!

Build Orders: Hatch First 

Get SALT Encoding   

  12  0:01  Drone  
  13  0:12  Overlord  
  13  0:17  Drone  
  14  0:31  Drone  
  14  0:32  Drone  
  16  0:49  Hatchery  
  15  0:53  Drone  
  15  0:56  Drone  
  17  1:00  Drone  
  18  1:12  Extractor  
  18  1:15  Spawning Pool  
  18  1:18  Drone  
  17  1:22  Drone  
  18  1:28  Drone  
  19  1:42  Drone  
  20  1:50  Overlord  
  20  2:02  Queen x2  
  20  2:04  Zergling x4  
  26  2:11  Drone  
  26  2:15  Metabolic Boost, Drone  
  28  2:24  Spine Crawler  
  28  2:25  Drone  
  28  2:27  Drone  
  29  2:41  Queen  
  29  2:42  Overlord  
  31  2:46  Zergling x4  
  31  2:49  Zergling x2  
  34  3:00  Drone x2  
  36  3:10  Baneling Nest  
  34  3:15  Drone  
  34  3:19  Hatchery  
  34  3:24  Drone x2  
  36  3:30  Drone x2  
  36  3:34  Overlord  
  38  3:42  Drone x4  
  38  3:44  Drone  
  43  3:50  Overlord  
  43  3:54  Zergling x4  
  45  3:57  Baneling  
  45  4:00  Zergling x6  
  48  4:06  Zergling x4  
  50  4:10  Baneling  
  50  4:22  Zergling x6  
  50  4:23  Zergling x2  
Show
View Real Time Build Order
Export as new Build Order

Sapien Zerg 

Build Orders: Hatch First 

Get SALT Encoding   

  12  0:01  Drone  
  13  0:12  Overlord  
  13  0:17  Drone  
  14  0:30  Drone x2  
  16  0:51  Hatchery  
  16  0:52  Drone  
  16  0:57  Drone  
  17  1:01  Drone  
  18  1:10  Extractor  
  17  1:16  Spawning Pool  
  16  1:19  Drone  
  16  1:23  Drone  
  18  1:28  Drone  
  19  1:39  Drone  
  20  1:49  Overlord  
  20  2:03  Queen x2  
  20  2:04  Zergling x4  
  26  2:23  Hatchery  
  26  2:28  Metabolic Boost  
  25  2:35  Drone  
  25  2:36  Drone  
  27  2:40  Drone  
  28  2:50  Baneling Nest  
  27  2:51  Drone x2  
  27  2:56  Drone  
  30  3:04  Drone x3  
  33  3:07  Drone  
  33  3:09  Drone  
  35  3:15  Drone  
  35  3:16  Overlord  
  36  3:21  Overlord  
  36  3:34  Zergling x10  
  40  3:50  Zergling x6  
  40  3:52  Drone x7  
  49  3:58  Baneling  
  49  3:59  Baneling  
  50  4:02  Drone  
  50  4:03  Drone  
  50  4:05  Drone  
  50  4:09  Drone x2  
  54  4:20  Zergling x4  
  54  4:34  Roach Warren  
  54  4:36  Evolution Chamber  
Tags
 
Add a new tag
Caveats
  • Supply blocks, unpowered buildings, or Contaminate may cause inaccurate times.
  • Supply counts are checked every 10 seconds.